 Dungeon Crawl Stone Soup version 0.26-a0-317-ge2f3d4a7ca (webtiles) character file.

Game seed: 1339277881941962594

4680 ANON1729 the Ducker (level 10, -1/90 HPs)
             Began as a Troll Fighter on July 16, 2020.
             Was a Follower of Hepliaklqana.
             Slain by an unseen horror (9 damage)
             ... on level 8 of the Dungeon.
             The game lasted 00:12:50 (5943 turns).

ANON1729 the Ducker (Troll Fighter)                 Turns: 5943, Time: 00:12:51

Health: -1/90      AC:  8    Str: 29    XL:     10   Next: 21%
Magic:  9/9        EV: 11    Int:  4    God:    Hepliaklqana [*.....]
Gold:   571        SH: 19    Dex:  9    Spells: 9/9 levels left

rFire    . . .     SeeInvis .   a - +0 rapier
rCold    . . .     Faith    .   c - +0 kite shield
rNeg     . . .     Spirit   .   b - +0 robe
rPois    .         Reflect  +   (helmet restricted)
rElec    .         Harm     .   (no cloak)
rCorr    .                      (gloves unavailable)
MR       +....                  (boots unavailable)
Stlth    ++........             g - amulet of reflection
HPRegen  0.65/turn              p - ring of protection from magic (curse)
MPRegen  0.11/turn              u - ring of stealth

@: hasted, very quick
A: large, unfitting armour, reduced essence, claws 3, large bone plates 1, slimy
green scales 1, sense surroundings 1, regeneration 1, shaggy fur 1, tough skin 3
a: Recall Ancestor, Ancestor Identity, Renounce Religion


You were on level 8 of the Dungeon.
You worshipped Hepliaklqana.
Hepliaklqana was aware of your devotion.
You visited 1 branch of the dungeon, and saw 8 of its levels.

You collected 571 gold pieces.

Inventory:

Hand Weapons
 a - a +0 rapier (weapon)
Armour
 b - a +0 robe (worn)
 c - a +0 kite shield (worn)
 v - the +0 robe "Fouqaba" {+Inv rElec Dex-5}
   (You found it on level 4 of the Dungeon)

   It affects your dexterity (-5).
   It insulates you from electricity.
   It lets you turn invisible.
 B - a +0 cloak
 C - a +0 cloak
Jewellery
 g - an amulet of reflection (around neck)
 p - a cursed ring of protection from magic (left claw)
 u - a ring of stealth (right claw)
Wands
 y - a wand of polymorph (5)
 z - a wand of flame (22)
 D - a wand of iceblast (7)
Scrolls
 i - 6 scrolls of identify {unknown}
 j - 3 scrolls of remove curse {unknown}
 k - 3 scrolls of fog {unknown}
 l - 7 scrolls of teleportation {unknown}
 m - 3 scrolls of enchant armour {unknown}
 n - a scroll of blinking {unknown}
 o - a scroll of magic mapping {unknown}
 r - 3 scrolls of enchant weapon {unknown}
 s - 2 scrolls of random uselessness {unknown}
 t - 3 scrolls of amnesia {unknown}
 w - 2 scrolls of immolation {unknown}
 x - a scroll of noise {unknown}
Potions
 f - 4 potions of mutation
 h - 2 potions of degeneration
 A - a potion of heal wounds {unknown}


   Skills:
 + Level 6.7 Fighting
 + Level 6.5 Short Blades
 + Level 6.7 Dodging
 + Level 6.7 Shields


You had 9 spell levels left.
You didn't know any spells.
Your spell library was empty.

Dungeon Overview and Level Annotations

Branches:
Dungeon (8/15)             Temple (0/1) D:7
   Lair: D:8-11

Altars:
Ashenzari
Fedhas
Hepliaklqana
Makhleb
Nemelex Xobeh
Qazlal
Ru
Trog
Uskayaw
Vehumet

Annotations:
D:6 3 runed translucent doors, iamserjio's ghost, novice DDFi
D:8 2 runed translucent doors


Innate Abilities, Weirdness & Mutations

You are too large for most types of armour.
You have claws for hands.
Your natural rate of healing is unusually fast.
You are covered in fur. (AC +1)
You have extremely tough skin. (AC +3)
Your life essence is reduced to manifest your ancestor. (-10% HP)
You are partially covered in large bone plates. (SH +4)
You are partially covered in slimy green scales. (AC +2)
You passively map a small area around you.


Message History

Nothing appears to happen.
Something hits you but does no damage.
Evoke which item? (* to show all) (? for menu, Esc to quit)
Aiming: Polymorph
Press: ? - help, Shift-Dir - straight line Nothing appears to happen.
Something hits you.
* * * LOW HITPOINT WARNING * * *
Evoke which item? (* to show all) (? for menu, Esc to quit)
Aiming: Polymorph
Press: ? - help, Shift-Dir - straight line Nothing appears to happen.
Something hits you.
* * * LOW HITPOINT WARNING * * *
Something hits you!
* * * LOW HITPOINT WARNING * * *
Unknown command.
You feel better. Something hits you.
* * * LOW HITPOINT WARNING * * *
It was a potion of cancellation.
You feel magically purged. You block something's attack.
Something hits you but does no damage.
It was a potion of haste.
You feel yourself speed up. Something hits you!
You die...

R#...##.#####.########
.#.R#................##
.#....######..######..#
.#...##, #### ##.#
##...# * ,#.# #...# , *
,## ,#.# #....# ** , *
, .##,#.# #.##.# ,
,##.#.#.# #. #.#
#@.†##.# #.##..
#+###..# .... ,
#)..z.## .... * ##..###
(... ,,8#..# ###.
,,.+..# , , ...+..# ,
,* ....8#... , ***
*8)?8##....


There were no monsters in sight!

Vanquished Creatures
  A two-headed ogre (D:8)
  2 hippogriffs (D:8)
  2 water moccasins
  A sky beast (D:8)
  2 black bears (D:7)
  2 phantoms
  An ogre (D:4)
  6 centaurs
  4 bullfrogs
  2 big kobolds
  4 killer bees (D:8)
  3 wights (D:8)
  2 howler monkeys
  A quasit (D:5)
  2 bullfrog zombies
  A centaur skeleton (D:6)
  3 orc priests
  4 hounds
  7 orc wizards
  A bullfrog skeleton (D:4)
  2 iguanas
  3 worker ants
  2 howler monkey zombies
  7 adders
  A shadow imp (D:7)
  2 white imps
  An ufetubus (D:5)
  4 oozes
  An adder skeleton (D:4)
  3 worms
  3 dart slugs (D:1)
  3 leopard geckos
  22 orcs
  8 giant cockroaches
  11 goblins
  9 hobgoblins
  11 jackals
  3 quokkas
  A ball python (D:1)
  7 bats
  7 frilled lizards
  11 kobolds
  A quokka skeleton (D:4)
  A quokka zombie (D:5)
  7 rats
182 creatures vanquished.

Vanquished Creatures (collateral kills)
  A hippogriff (D:8)
  A wyvern (D:8)
  An orc warrior (D:6)
  An ogre (D:7)
  A phantom (D:8)
  A scorpion (D:7)
  A jelly (D:7)
  A centaur zombie (D:8)
  A worker ant zombie (D:7)
  A shadow imp (D:7)
  A leopard gecko (D:7)
  2 orcs
  A quokka (D:8)
  2 kobolds
16 creatures vanquished.

Vanquished Creatures (others)
  An ancestor (D:8)
1 creature vanquished.

Grand Total: 199 creatures vanquished

Notes
Turn   | Place    | Note
-------+----------+-------------------------------------------
     0 | D:1      | ANON1729 the Troll Fighter began the quest for the Orb.
     0 | D:1      | Reached XP level 1. HP: 22/22 MP: 0/0
   129 | D:1      | Reached XP level 2. HP: 29/29 MP: 1/1
   581 | D:1      | Reached XP level 3. HP: 36/36 MP: 2/2
  1010 | D:2      | Found a burning altar of Makhleb.
  1019 | D:2      | Reached XP level 4. HP: 37/45 MP: 3/3
  1478 | D:3      | Reached XP level 5. HP: 53/53 MP: 4/4
  1496 | D:3      | Found a faded altar of an unknown god.
  1964 | D:3      | Gained mutation: You passively map a small area around you.
                  | [potion of mutation]
  1964 | D:3      | Gained mutation: You are partially covered in large bone
                  | plates. (SH +4) [potion of mutation]
  1964 | D:3      | Gained mutation: You are partially covered in slimy green
                  | scales. (AC +2) [potion of mutation]
  1969 | D:3      | Reached XP level 6. HP: 21/61 MP: 5/5
  2110 | D:3      | Found a sacrificial altar of Ru.
  2110 | D:3      | Found a stormy altar of Qazlal.
  2338 | D:4      | Got a heavy robe
  2358 | D:4      | Identified the +0 robe "Fouqaba" {+Inv rElec Dex-5} (You
                  | found it on level 4 of the Dungeon)
  2811 | D:4      | Reached XP level 7. HP: 70/70 MP: 6/6
  2913 | D:5      | Entered Level 5 of the Dungeon
  3151 | D:5      | Found a stormy altar of Qazlal.
  3740 | D:6      | Found a runed translucent gate.
  3740 | D:6      | Found a runed translucent gate.
  3740 | D:6      | Found a runed translucent gate.
  3740 | D:6      | Noticed iamserjio's ghost (novice DDFi)
  3908 | D:6      | Found a radiant altar of Vehumet.
  3969 | D:6      | Reached XP level 8. HP: 57/79 MP: 7/7
  4200 | D:6      | Found a sparkling altar of Nemelex Xobeh.
  4246 | D:6      | Found a hazy altar of Hepliaklqana.
  4255 | D:6      | Became a worshipper of Hepliaklqana the Forgotten
  4616 | D:6      | Found a bloodstained altar of Trog.
  4780 | D:7      | Reached skill level 5 in Dodging
  4786 | D:7      | Reached skill level 5 in Fighting
  4786 | D:7      | Reached skill level 5 in Shields
  4995 | D:7      | Reached skill level 5 in Short Blades
  5062 | D:7      | Found a shattered altar of Ashenzari.
  5074 | D:7      | Reached XP level 9. HP: 79/79 MP: 8/8
  5103 | D:7      | Found a staircase to the Ecumenical Temple.
  5174 | D:7      | Found a blossoming altar of Fedhas.
  5175 | D:7      | Found a hide-covered altar of Uskayaw.
  5619 | D:8      | Noticed a two-headed ogre
  5631 | D:8      | Killed a two-headed ogre
  5721 | D:8      | Reached XP level 10. HP: 86/90 MP: 9/9
  5860 | D:8      | Found a large runed translucent door.
  5860 | D:8      | Found a large runed translucent door.
  5864 | D:8      | Reached * piety under Hepliaklqana
  5940 | D:8      | HP: 4/90 [something (8)]
  5943 | D:8      | Slain by an unseen horror

Illustrated notes

Levels and vault maps discovered:
D:1:      sevenhm_arrival_forest_fort_small_5, layout_loops_ring
D:2:      layout_basic, makhleb_blood_cavern_becter
D:3:      layout_basic, gammafunk_temple_overflow_pools,
          chequers_ecumenical_altar_grove
D:4:      layout_loops_cross, solitary_fountain, minivault_23,
          hangedman_decor_slide_cut
D:5:      layout_loops_corners, grunt_qazlal_clouds
D:6:      layout_basic, lemuel_coloured_pillars_altar,
          overflow_temple_1_default, lemuel_doored_altar,
          ebering_ghost_rock_garden, trog_book
D:7:      layout_basic, ashenzari_altar_1,
          chequers_temple_overflow_statue_of_worship,
          minmay_temple_entry_junction
D:8:      layout_rooms, minmay_hollow_rounded_squares

Skill      XL: |  1  2  3  4  5  6  7  8  9 |
---------------+----------------------------+-----
Short Blades   | 2 3 4 5 6 |  6.5
Fighting       | 3 4 5 6 |  6.7
Dodging        | 3 4 5 6 |  6.7
Shields        | 3 4 5 6 |  6.7

Action                   |  1- 3 |  4- 6 |  7- 9 | 10-12 || total
-------------------------+-------+-------+-------+-------++-------
Melee: Rapier            |   140 |   284 |   420 |    51 ||   895
Evoke: Wand              |       |       |    13 |     5 ||    18
  Use: Potion            |       |     4 |     5 |     3 ||    12
 Stab: Sleeping          |       |     1 |     9 |     2 ||    12
       Distracted        |       |       |     1 |       ||     1
Armor: Robe              |    52 |    98 |    61 |    26 ||   237
       Skin              |       |       |     8 |       ||     8
Dodge: Dodged            |    40 |    71 |    81 |     8 ||   200
Block: Kite shield       |    99 |   276 |   399 |    42 ||   816
       Reflection        |       |     2 |     9 |       ||    11

Table legend:
 A = Non-vault XP
 B = Vault XP
 C = Vault XP percentage of total XP
 D = Non-vault monster count
 E = Vault monster count
 F = Vault count percentage of total count
                 A         B        C        D         E       F
            +---------+---------+-------+---------+---------+-------
      Total |    5819 |     867 |  13.0 |     191 |       6 |   3.0
            +---------+---------+-------+---------+---------+-------
        D:1 |      56 |       0 |   0.0 |      22 |       0 |   0.0
        D:2 |      82 |      42 |  33.9 |      27 |       1 |   3.6
        D:3 |     282 |       0 |   0.0 |      36 |       0 |   0.0
        D:4 |     380 |       0 |   0.0 |      16 |       0 |   0.0
        D:5 |     325 |       0 |   0.0 |      12 |       0 |   0.0
        D:6 |     828 |       0 |   0.0 |      22 |       0 |   0.0
        D:7 |    1141 |       0 |   0.0 |      23 |       0 |   0.0
        D:8 |    2725 |     825 |  23.2 |      33 |       5 |  13.2
            +---------+---------+-------+---------+---------+-------
